[Event "31st MPL National U18 Chess-ch 2022"]
[Site "Pollachi"]
[Date "2022.04.23"]
[Round "11.9"]
[White "Nawin M S"]
[Black "Mahendra Teja Mekala"]
[Result "0-1"]
[ECO "B23"]
[WhiteElo "1704"]
[BlackElo "1875"]
[Annotator "NA RC COMBH"]
[PlyCount "90"]
[EventDate "2022.04.18"]
[EventCountry "IND"]
[SourceTitle "playchess.com"]
[Source "ChessBase"]
[SourceQuality "1"]
[TimeControl "5400+30"]

1. e4 c5 2. Nc3 Nc6 3. Bb5 Nd4 4. Nf3 Nxb5 5. Nxb5 d5 6. exd5 a6 7. Nc3 Nf6 8. d4 Nxd5 9. dxc5 Nxc3 10. Qxd8+ Kxd8 11. bxc3 g6 12. Rb1 Bg7 13. O-O Bxc3 14. Rd1+ Ke8 15. Bf4 f6 16. Bc7 Bf5 $1 17. Nd4 Be4 $1 18. f3 Bxd4+ 19. Rxd4 Bc6 $1 20. f4 Kf7 21. Re1 Rac8 22. Bb6 h6 23. Red1 g5 24. f5 h5 25. Bd8 (25. h3 $15) 25... h4 26. h3 Be4 27. Bxe7 $1 Bxc2 28. Re1 Bxf5 29. Rd6 Rc6 (29... Rxc5 $2 30. Rxf6+ Kg7 31. Bxc5 $18) 30. Rxc6 (30. Bxf6 $1 $15 Rxd6 31. Bxh8) 30... bxc6 31. Bd6 Be6 32. a4 Re8 33. a5 f5 34. Kf2 g4 35. g3 gxh3 (35... hxg3+ $17 36. Kxg3 gxh3 37. Kxh3 Rg8) 36. gxh4 Rh8 37. Kg3 $11 h2 38. Rh1 Rg8+ 39. Kf2 Rg4 40. Rxh2 Ra4 41. Bc7 Rc4 42. Bd6 Rb4 43. Rh1 Bd5 44. Rh3 ({White should play} 44. Rh2 $17) 44... f4 45. Rh2 Kg6 0-1

[Event "31st MPL National U18 Chess-ch 2022"]
[Site "Pollachi"]
[Date "2022.04.23"]
[Round "11.10"]
[White "Chidvilash Sai Surapaneni"]
[Black "Hari Ganesh T"]
[Result "1-0"]
[ECO "A18"]
[WhiteElo "1753"]
[BlackElo "1700"]
[Annotator "NA RC COMBH"]
[PlyCount "85"]
[EventDate "2022.04.18"]
[EventCountry "IND"]
[SourceTitle "playchess.com"]
[Source "ChessBase"]
[SourceQuality "1"]
[TimeControl "5400+30"]

1. c4 Nf6 2. Nc3 e6 3. e4 d5 4. e5 d4 5. exf6 dxc3 6. bxc3 Qxf6 7. d4 c5 8. Nf3 h6 9. Bd3 cxd4 10. cxd4 Bb4+ 11. Kf1 Bc3 12. Rb1 Nc6 13. Be4 O-O 14. Qd3 Ba5 15. Be3 e5 16. d5 Nb4 17. Qa3 Bf5 18. Qxa5 Bxe4 19. Qxb4 Bxb1 20. Qxb1 Qa6 21. Nd2 f5 22. f3 Rad8 23. Kf2 b6 24. g3 b5 25. Bc5 Rf7 26. d6 bxc4 27. Rc1 Qa5 28. Qb4 Qxa2 29. Kg1 a5 30. Qc3 Rb8 31. Nxc4 Rfb7 32. Nb6 Qe6 33. Qxa5 e4 34. Re1 Qb3 35. d7 exf3 36. Bf2 Qd3 37. Qe5 Rf8 38. Qe6+ Kh7 39. Qe8 Rb8 40. Nc8 Kg8 41. Bc5 f2+ 42. Bxf2 Qd2 43. Bc5 1-0